 Dungeon Crawl Stone Soup version 0.29.0-13-gc9e81de378 (webtiles) character file.

Game seed: 14715337052131905090

7144 Bartlander the Marksfrog (level 11, -4/77 HPs)
             Began as a Barachi Hunter on Sept 8, 2022.
             Was a Believer of Cheibriados.
             Killed from afar by Snorg the rime drake (15 damage)
             ... with a flash freeze
             ... on level 10 of the Dungeon.
             The game lasted 00:42:53 (10856 turns).

Bartlander the Marksfrog (Barachi Hunter)          Turns: 10856, Time: 00:42:54

Health: -4/77      AC:  8    Str: 17    XL:     11   Next: 10%
Magic:  12/12      EV: 15    Int: 14    God:    Cheibriados [**....]
Gold:   532        SH:  0    Dex: 29    Spells: 10/10 levels left

rFire   . . .      SeeInvis .   a - +0 shortbow
rCold   + . .      Faith    .   (shield currently unavailable)
rNeg    . . .      Spirit   .   m - +1 leather armour {rF+}
rPois   +          Reflect  .   (no helmet)
rElec   +          Harm     .   u - +2 cloak
rCorr   .          Rampage  .   (no gloves)
Will    .....                   D - +0 pair of boots
Stlth   +++.......              n - amulet of regeneration
HPRegen 1.02/turn               C - ring "Ycahatt" {rElec rPois rF- rC+}
MPRegen 0.13/turn               s - +6 ring of dexterity

@: lethally poisoned (-4 -> -6), unable to hop, very slow
A: amphibious, slowness 1, strong legs 1, +LOS
a: Hop, Renounce Religion, Bend Time


You were on level 10 of the Dungeon.
You worshipped Cheibriados.
Cheibriados was pleased with you.
You visited 2 branches of the dungeon, and saw 11 of its levels.

You collected 574 gold pieces.
You spent 42 gold pieces at shops.

Inventory:

Hand Weapons
 a - a +0 shortbow (weapon)
 f - a +2 vampiric dagger
Armour
 c - a +1 leather armour
 m - a +1 leather armour of fire resistance (worn)
 u - a +2 cloak (worn)
 B - a +3 leather armour
 D - a +0 pair of boots (worn)
Jewellery
 g - a ring of willpower
 i - an amulet of reflection
 j - a ring of ice
 n - an amulet of regeneration (around neck)
 p - an amulet of magic regeneration
 s - a +6 ring of dexterity (right hand)
 t - a ring of fire
 v - a +6 ring of intelligence
 y - a +6 ring of dexterity
 C - the ring "Ycahatt" (left hand) {rElec rPois rF- rC+}
   (You acquired it on level 9 of the Dungeon)

   [ring of protection from cold]

   rF:        It makes you vulnerable to fire.
   rC:        It protects you from cold.
   rElec:     It insulates you from electricity.
   rPois:     It protects you from poison.
Wands
 o - a wand of iceblast (11)
 r - a wand of polymorph (1)
 z - a wand of light (5)
 A - a wand of flame (8)
Scrolls
 b - 2 scrolls of immolation
 e - a scroll of teleportation
 q - 3 scrolls of enchant armour
 x - 3 scrolls of identify
Potions
 d - a potion of berserk rage
 h - a potion of magic
 k - 2 potions of might
 l - 2 potions of attraction
 w - a potion of mutation


   Skills:
 + Level 4.0 Fighting
 - Level 16.0 Ranged Weapons
 + Level 3.6 Dodging
 + Level 2.6 Stealth
 + Level 2.1 Invocations


You had 10 spell levels left.
You didn't know any spells.
Your spell library contained the following spells:

 Spells                   Type           Power      Damage    Failure   Level
 Magic Dart               Conj           0%         1d3       34%         1
 Scorch                   Fire           0%         2d5       47%         2
 Searing Ray              Conj           0%         2d4       47%         2
 Ozocubu's Armour         Ice            0%         N/A       71%         3
 Summon Guardian Golem    Hex/Summ       0%         N/A       71%         3
 Flame Wave               Conj/Fire      0%         2d4       98%         4
 Fulminant Prism          Conj/Hex       0%         3d6       98%         4
 Summon Forest            Summ/Tloc      0%         N/A       100%        5
 Eringya's Noxious Bog    Tmut/Pois      0%         N/A       100%        6
 Summon Cactus Giant      Summ           0%         N/A       100%        6
 Orb of Destruction       Conj           0%         9d5       100%        7
 Ozocubu's Refrigeration  Ice            0%         4d7       100%        7
 Spellforged Servitor     Conj/Summ      0%         N/A       100%        7
 Summon Hydra             Summ           0%         N/A       100%        7


Dungeon Overview and Level Annotations

Branches:
Dungeon (10/15)            Temple (1/1) D:6            Lair (0/5) D:10
    Orc (0/2) D:9

Altars:
Ashenzari
Cheibriados
Dithmenos
Elyvilon
Fedhas
Gozag
Hepliaklqana
Kikubaaqudgha
Makhleb
Nemelex Xobeh
Okawaru
Qazlal
Ru
Sif Muna
Trog
Vehumet
Wu Jian
Xom
Yredelemnul
Zin
The Shining One

Shops:
D:4 !   D:5 !

Annotations:
D:4 Robin
D:9 exclusion: ice statue
D:10 Snorg


Innate Abilities, Weirdness & Mutations

You are amphibious.
You cover ground slowly.
You can hop short distances.
You have an extended range of vision and can be seen from far away.


Message History

Snorg poisons you!
Aiming: Polymorph
Press: ? - help, Q - select action, (/) - cycle Shift-Dir - straight line, f/p - Snorg
Aim: Snorg the meliai (will become a rime drake, a tengu, or a harpy, chance to affect: 49%) Snorg the meliai evaporates and reforms as a rime drake!
You feel very sick.
Aiming: Polymorph
Press: ? - help, Q - select action, (/) - cycle Shift-Dir - straight line, f/p - Snorg
Aim: Snorg the rime drake (will become a golden eye, an acid dragon, or a fire bat, chance to affect: 49%) Snorg resists with some effort.
You feel sick. Snorg bites you but does no damage. Snorg bites you.
* * * LOW HITPOINT WARNING * * *
Okay, then.
Aiming: Polymorph
Press: ? - help, Q - select action, (/) - cycle Shift-Dir - straight line, f/p - Snorg
Aim: Snorg the rime drake (will become a golden eye, an acid dragon, or a fire bat, chance to affect: 49%)
Okay, then.
Aiming: Bolt of Light
Press: ? - help, Q - select action, (/) - cycle Shift-Dir - straight line, f/p - Snorg
Aim: Snorg the rime drake (64% to hit)
The bolt of light hits Snorg.
Snorg is lightly wounded.
Snorg is blinded.
You feel sick.
Fire: a) +0 shortbow
Press: ? - help, Q - select action, (/) - cycle Shift-Dir - straight line, f/p - Snorg
Aim: Snorg the rime drake (lightly wounded, wandering, blind, hasn't noticed you, 69% to hit)
You shoot an arrow. The arrow closely misses Snorg.
Snorg hisses angrily.
You feel sick. Snorg closely misses you.
Fire: a) +0 shortbow
Press: ? - help, Q - select action, (/) - cycle Shift-Dir - straight line, f/p - Snorg
Aim: Snorg the rime drake (lightly wounded, blind, 69% to hit)
You shoot an arrow. The arrow hits Snorg!
Snorg is severely wounded.
You carefully extract the barbed spikes from your body.
You feel sick. Snorg breathes ice at you. The flash freeze hits you!
You partially resist.
You die...

#.... .... #... .... #..#
..... ##..##..... ###
##..........
####.#######...........
#.#.......##...........
##..........##..........
##.........@......#.....
#..........k...#..# ..
##..........####.........
##.........## #T...##...
##...........# .......
#...................##.#
##..........####..... 9.
####........# #...... .
#......#.#.........


You could see Snorg the rime drake (blind, catching breath).

Vanquished Creatures
  A two-headed ogre (D:9)
  Amaemon (D:8)
  An orange demon (D:8)
  Psyche (D:8)
  A hornet (D:9)
  3 wyverns
  7 yaks
  A shadow (D:10)
  A steam dragon (D:7)
  A water moccasin (D:7)
  7 orc warriors
  A black bear (D:5)
  An ogre (D:6)
  2 centaurs (D:8)
  2 phantoms
  A kobold brigand (D:8)
  3 bullfrogs
  2 necrophages
  2 gnoll sergeants (D:9)
  2 scorpions
  3 wights (D:8)
  12 killer bees
  2 howler monkeys (D:8)
  A hound (D:4)
  3 jellies
  3 orc priests
  2 gnoll boudas
  Ijyb (D:5)
  3 iguanas (D:5)
  3 orc wizards
  A mummy (D:9)
  7 adders
  21 gnolls
  A white imp (D:6)
  2 ufetubi
  2 worms
  A dart slug (D:2)
  49 orcs
  10 endoplasms
  3 giant cockroaches
  10 goblins
  10 hobgoblins
  12 kobolds
  7 ball pythons
  11 bats
  12 frilled lizards
  2 rats
235 creatures vanquished.

Notes
Turn   | Place    | Note
-------+----------+-------------------------------------------
     0 | D:1      | Bartlander the Barachi Hunter began the quest for the Orb.
     0 | D:1      | Reached XP level 1. HP: 17/17 MP: 1/1
   162 | D:1      | Reached XP level 2. HP: 14/23 MP: 2/2
   519 | D:1      | Reached XP level 3. HP: 28/28 MP: 3/3
   585 | D:1      | Reached skill level 5 in Ranged Weapons
  1146 | D:2      | Identified the +9 morningstar of the Ecumenical Temple
                  | {vorpal, Int+7 Dex-3}
  1611 | D:2      | Reached XP level 4. HP: 34/34 MP: 4/4
  2193 | D:3      | Found an opulent altar of Gozag.
  2340 | D:3      | Reached skill level 6 in Ranged Weapons
  2360 | D:2      | Reached XP level 5. HP: 7/39 MP: 5/5
  3606 | D:4      | Noticed Robin
  3891 | D:4      | Found Jetwa's Distillery.
  3900 | D:4      | Bought a potion of curing for 42 gold pieces
  3904 | D:4      | Noticed a phantom
  3926 | D:4      | Reached skill level 7 in Ranged Weapons
  3926 | D:4      | Reached XP level 6. HP: 46/46 MP: 6/6
  4868 | D:4      | Reached skill level 8 in Ranged Weapons
  4916 | D:5      | Entered Level 5 of the Dungeon
  4926 | D:5      | Identified the +0 robe "Engo" {Int+7}
  4972 | D:5      | Reached XP level 7. HP: 51/51 MP: 7/7
  4986 | D:5      | Found Kus Coig's Distillery.
  4991 | D:5      | Noticed Ijyb
  5037 | D:5      | Killed Ijyb
  5096 | D:5      | Found a blossoming altar of Fedhas.
  5167 | D:5      | You fall into a shaft and drop 3 floors!
  5201 | D:8      | Reached skill level 9 in Ranged Weapons
  5268 | D:8      | Reached XP level 8. HP: 32/57 MP: 8/8
  5376 | D:8      | Noticed Amaemon
  5400 | D:8      | Noticed an orange demon
  5451 | D:8      | Noticed Psyche
  5616 | D:7      | Reached skill level 10 in Ranged Weapons
  5747 | D:6      | Found a staircase to the Ecumenical Temple.
  5757 | Temple   | Entered the Ecumenical Temple
  6381 | D:5      | Reached skill level 11 in Ranged Weapons
  6517 | D:5      | Noticed a yak
  6518 | D:5      | Noticed a yak
  6518 | D:5      | Noticed a yak
  6628 | D:5      | Noticed a yak
  6645 | D:4      | Killed a yak
  6806 | D:6      | Killed a yak
  6918 | D:6      | Killed a yak
  6919 | D:6      | Reached skill level 12 in Ranged Weapons
  6919 | D:6      | Reached XP level 9. HP: 56/62 MP: 9/9
  7638 | D:6      | Found a broken altar of Ashenzari.
  7991 | D:7      | Found a burning altar of Makhleb.
  8001 | D:7      | Reached skill level 13 in Ranged Weapons
  8851 | D:8      | Killed Psyche
  8852 | D:8      | Reached skill level 14 in Ranged Weapons
  8852 | D:8      | Reached XP level 10. HP: 50/68 MP: 10/10
  8994 | D:8      | Killed Amaemon
  9006 | D:8      | Killed an orange demon
  9218 | D:8      | Reached skill level 15 in Ranged Weapons
  9437 | D:9      | Found a snail-covered altar of Cheibriados.
  9451 | D:9      | Became a worshipper of Cheibriados the Contemplative
  9585 | D:9      | Noticed a two-headed ogre
  9739 | D:9      | Reached * piety under Cheibriados
  9743 | D:9      | Noticed an ice statue
 10009 | D:9      | Reached skill level 16 in Ranged Weapons
 10222 | D:9      | Reached skill level 1 in Stealth
 10272 | D:9      | Found a staircase to the Orcish Mines.
 10462 | D:9      | Killed a two-headed ogre
 10463 | D:9      | Reached skill level 1 in Invocations
 10463 | D:9      | Reached XP level 11. HP: 75/75 MP: 10/12
 10597 | D:10     | Entered Level 10 of the Dungeon
 10600 | D:9      | Identified a scroll of acquirement
 10600 | D:9      | Acquired the ring "Ycahatt" {rElec rPois rF- rC+}
 10650 | D:10     | Noticed Snorg
 10650 | D:10     | Found a staircase to the Lair.
 10699 | D:10     | Reached ** piety under Cheibriados
 10841 | D:10     | Noticed Snorg
 10841 | D:10     | Snorg changed into Snorg the wind drake
 10846 | D:10     | Noticed Snorg
 10846 | D:10     | Snorg the wind drake changed into Snorg the manticore
 10848 | D:10     | Noticed Snorg
 10848 | D:10     | Snorg the manticore changed into Snorg the queen bee
 10849 | D:10     | Noticed Snorg
 10849 | D:10     | Snorg the queen bee changed into Snorg the meliai
 10852 | D:10     | Noticed Snorg
 10852 | D:10     | Snorg the meliai changed into Snorg the rime drake
 10856 | D:10     | Killed from afar by Snorg the rime drake

Illustrated notes

Levels and vault maps discovered:
D:1:      giann_bridges, layout_basic
D:2:      layout_loops_cross, shapermc_ecumenical_altar_petra
D:3:      layout_loops_ring, nicolae_gozag_seed_capital, grunt_ministairs_10
D:4:      layout_layer_cave, serial_shops, shop, uniq_robin
D:5:      layout_gridville, mainiacjoe_overflow_brackets, serial_shops,
          nicolae_square_shop, uniq_ijyb
D:6:      layout_cave_pods, mainiacjoe_overflow_alcove_4,
          minmay_temple_entry_sparse_star
D:7:      layout_basic, mainiacjoe_overflow_tiny_flanked
D:8:      layout_basic, uniq_psyche, uniq_amaemon
D:9:      layout_small_grid, slow_altar_1, david_orc_5, minmay_statue_bubble
D:10:     layout_cave_pools, mainiacjoe_overflow_chevrons, lair_entry_dummy,
          minivault_24, uniq_erolcha, uniq_snorg
Temple:   nicolae_temple_bog_church

Skill      XL: |  1  2  3  4  5  6  7  8  9 10 11 |
---------------+----------------------------------+-----
Ranged Weapons | 5 6 7 8 9 12 14 16 | 16.0
Stealth        | 2 |  2.6
Fighting       | 3 4 |  4.0
Dodging        | 3 |  3.6
Invocations    | 1 2 |  2.1

Action                   |  1- 3 |  4- 6 |  7- 9 | 10-12 || total
-------------------------+-------+-------+-------+-------++-------
Melee: Unarmed           |       |       |     3 |       ||     3
 Fire: Shortbow          |   104 |   215 |   469 |   304 ||  1092
Invok: Bend Time         |       |       |       |     1 ||     1
 Abil: Hop               |       |     8 |    17 |     7 ||    32
Evoke: Wand              |       |       |     1 |    16 ||    17
  Use: Scroll            |     3 |     8 |     5 |     5 ||    21
       Potion            |       |     1 |     8 |     1 ||    10
Armor: Leather armour    |     5 |    17 |    69 |    36 ||   127
Dodge: Dodged            |    22 |    38 |   239 |    92 ||   391
